TOP OF THE 1ST |
Wizarding AC Ravenclaws batting - Pitching for Capital District Red Knights : RHP Paul Lowery
|
Pitching: RHP Paul Lowery
|
|
Batting: RHB Cole Shaffer
|
0-0: SINGLE (Groundball, 34D)
|
Batting: LHB Stephen Baird
|
0-0: Ball Cole Shaffer is caught stealing 2nd base 1-0: Foul Ball, location: 2F 1-1: Foul Ball, location: 2F 1-2: Foul Ball, location: 2F 1-2: Foul Ball, location: 2F 1-2: Ball 2-2: Ball 3-2: Base on Balls
|
Batting: LHB William Wise
|
0-0: Ball 1-0: Ball 2-0: Foul Ball, location: 2F 2-1: Ball 3-1: Base on Balls Stephen Baird to second
|
Batting: LHB Jerry Harris
|
0-0: Called Strike 0-1: Called Strike 0-2: Foul Ball, location: 2F 0-2: Foul Ball, location: 2F 0-2: Strikes out swinging
|
Batting: LHB Walter Kirk
|
0-0: Called Strike 0-1: Foul Ball, location: 2F 0-2: Fielders Choice at 2nd, U4 (Groundball, 4M)
|
Top of the 1st over - 0 run(s), 1 hit(s), 0 error(s), 2 left on base; Wizarding AC 0 - Capital District 0 |
BOTTOM OF THE 1ST |
Capital District Red Knights batting - Pitching for Wizarding AC Ravenclaws : LHP Ken Burton
|
Pitching: LHP Ken Burton
|
|
Batting: SHB Ted Beck
|
0-0: Ground out 3-1 (Groundball, 34S)
|
Batting: RHB Michael Collins
|
0-0: Ball 1-0: Ground out 5-3 (Groundball, 56)
|
Batting: RHB Chang-bum Pak
|
0-0: Called Strike 0-1: Ball 1-1: Swinging Strike 1-2: Foul Ball, location: 2F 1-2: Ball 2-2: Strikes out swinging
|
Bottom of the 1st over - 0 run(s), 0 hit(s), 0 error(s), 0 left on base; Wizarding AC 0 - Capital District 0 |
TOP OF THE 2ND |
Wizarding AC Ravenclaws batting - Pitching for Capital District Red Knights : RHP Paul Lowery
|
Batting: RHB Pablo León
|
0-0: Swinging Strike 0-1: Fly out, F6 (Popup, 6M)
|
Batting: RHB Juan Torres
|
0-0: Ball 1-0: Ball 2-0: Ball 3-0: Base on Balls
|
Batting: RHB Pete Davidson
|
0-0: Ball 1-0: Called Strike 1-1: Ball 2-1: Ball 3-1: SINGLE (Groundball, 56D) Juan Torres to second
|
Batting: LHB Ken Burton
|
0-0: Called Strike 0-1: Bunted foul 0-2: Ball 1-2: Fly out, F7 (Flyball, 7LM)
|
Batting: RHB Cole Shaffer
|
0-0: DOUBLE (Line Drive, 78M) Juan Torres scores Pete Davidson to third Runner from 3rd tries for Home, SAFE, no throw or cutoff
|
Batting: LHB Stephen Baird
|
0-0: TRIPLE (Flyball, 9D) Cole Shaffer scores
|
Batting: LHB William Wise
|
0-0: Ball 1-0: Ball 2-0: Fly out, F8 (Flyball, 8LD)
|
Top of the 2nd over - 3 run(s), 3 hit(s), 0 error(s), 1 left on base; Wizarding AC 3 - Capital District 0 |
BOTTOM OF THE 2ND |
Capital District Red Knights batting - Pitching for Wizarding AC Ravenclaws : LHP Ken Burton
|
Batting: RHB Jian-zhang Phan
|
0-0: Ball 1-0: Swinging Strike 1-1: Ball 2-1: Foul Ball, location: 2F 2-2: Ball 3-2: Ground out 5-3 (Groundball, 56S)
|
Batting: RHB Ricardo Romo
|
0-0: Foul Ball, location: 2F 0-1: Swinging Strike 0-2: Strikes out swinging
|
Batting: RHB Cullen Spencer
|
0-0: Ball 1-0: Ball 2-0: Fly out, F8 (Flyball, 8LS)
|
Bottom of the 2nd over - 0 run(s), 0 hit(s), 0 error(s), 0 left on base; Wizarding AC 3 - Capital District 0 |
TOP OF THE 3RD |
Wizarding AC Ravenclaws batting - Pitching for Capital District Red Knights : RHP Paul Lowery
|
Batting: LHB Jerry Harris
|
0-0: Fly out, F8 (Flyball, 89D)
|
Batting: LHB Walter Kirk
|
0-0: SINGLE (Line Drive, 89M)
|
Batting: RHB Pablo León
|
0-0: Ball 1-0: Swinging Strike 1-1: Ball 2-1: Foul Ball, location: 2F 2-2: Strikes out swinging
|
Batting: RHB Juan Torres
|
0-0: Ground out 6-3 (Groundball, 6)
|
Top of the 3rd over - 0 run(s), 1 hit(s), 0 error(s), 1 left on base; Wizarding AC 3 - Capital District 0 |
BOTTOM OF THE 3RD |
Capital District Red Knights batting - Pitching for Wizarding AC Ravenclaws : LHP Ken Burton
|
Batting: RHB Jean Pronk
|
0-0: Ground out U3 (Groundball, 3S)
|
Batting: LHB Dave Knight
|
0-0: Ball 1-0: Foul Ball, location: 2F 1-1: Called Strike 1-2: Ball 2-2: Foul Ball, location: 2F 2-2: Foul Ball, location: 2F 2-2: SINGLE (Line Drive, 34D)
|
Batting: RHB Paul Lowery
|
0-0: Ball 1-0: Bunt missed! 1-1: Bunted foul 1-2: Sac Bunt - play at first, batter OUT! 5-4 Dave Knight to second
|
Batting: SHB Ted Beck
|
0-0: Ball 1-0: Ball 2-0: Ball 3-0: Called Strike 3-1: Foul Ball, location: 2F 3-2: Base on Balls
|
Batting: RHB Michael Collins
|
0-0: Ball 1-0: Ball 2-0: Ball 3-0: Called Strike 3-1: Fly out, F9 (Flyball, 9M)
|
Bottom of the 3rd over - 0 run(s), 1 hit(s), 0 error(s), 2 left on base; Wizarding AC 3 - Capital District 0 |
TOP OF THE 4TH |
Wizarding AC Ravenclaws batting - Pitching for Capital District Red Knights : RHP Paul Lowery
|
Batting: RHB Pete Davidson
|
0-0: Called Strike 0-1: Ball 1-1: Ball 2-1: Ball 3-1: Base on Balls
|
Batting: LHB Ken Burton
|
0-0: Called Strike 0-1: Ball 1-1: Sac Bunt - play at first, batter OUT! 1-4 Pete Davidson to second
|
Batting: RHB Cole Shaffer
|
0-0: Ball 1-0: Foul Ball, location: 2F 1-1: Ball 2-1: SINGLE (Groundball, 4MS) (infield hit) Pete Davidson to third
|
Batting: LHB Stephen Baird
|
0-0: Swinging Strike 0-1: Foul Ball, location: 2F 0-2: Ball 1-2: Ball 2-2: Foul Ball, location: 2F 2-2: Ball 3-2: Strikes out swinging
|
Batting: LHB William Wise
|
0-0: Ball 1-0: Called Strike 1-1: Fly out, F4 (Popup, 4MD)
|
Top of the 4th over - 0 run(s), 1 hit(s), 0 error(s), 2 left on base; Wizarding AC 3 - Capital District 0 |
BOTTOM OF THE 4TH |
Capital District Red Knights batting - Pitching for Wizarding AC Ravenclaws : LHP Ken Burton
|
Batting: RHB Chang-bum Pak
|
0-0: Foul Ball, location: 2F 0-1: Ball 1-1: SINGLE (Line Drive, 34D)
|
Batting: RHB Jian-zhang Phan
|
0-0: Ball Chang-bum Pak is caught stealing 2nd base 1-0: Ball 2-0: Called Strike 2-1: Ground out 6-3 (Groundball, 6)
|
Batting: RHB Ricardo Romo
|
0-0: DOUBLE (Flyball, 8LXD)
|
Batting: RHB Cullen Spencer
|
0-0: Called Strike 0-1: Ball 1-1: Ball 2-1: DOUBLE (Flyball, 89D) Ricardo Romo scores
|
Batting: RHB Jean Pronk
|
0-0: Foul Ball, location: 2F 0-1: Ball 1-1: Foul Ball, location: 2F 1-2: Strikes out swinging
|
Bottom of the 4th over - 1 run(s), 3 hit(s), 0 error(s), 1 left on base; Wizarding AC 3 - Capital District 1 |
TOP OF THE 5TH |
Wizarding AC Ravenclaws batting - Pitching for Capital District Red Knights : RHP Paul Lowery
|
Batting: LHB Jerry Harris
|
0-0: Ground out 4-3 (Groundball, 4)
|
Batting: LHB Walter Kirk
|
0-0: Called Strike 0-1: DOUBLE (Flyball, 89XD)
|
Batting: RHB Pablo León
|
0-0: Called Strike 0-1: Called Strike 0-2: Ball 1-2: Foul Ball, location: 2F 1-2: Foul Ball, location: 2F 1-2: Strikes out swinging
|
Batting: RHB Juan Torres
|
0-0: Fly out, F9 (Flyball, 89M)
|
Top of the 5th over - 0 run(s), 1 hit(s), 0 error(s), 1 left on base; Wizarding AC 3 - Capital District 1 |
BOTTOM OF THE 5TH |
Capital District Red Knights batting - Pitching for Wizarding AC Ravenclaws : LHP Ken Burton
|
Batting: LHB Dave Knight
|
0-0: Foul Ball, location: 2F 0-1: Called Strike 0-2: Foul Ball, location: 2F 0-2: Strikes out swinging
|
Batting: RHB Paul Lowery
|
0-0: Ball 1-0: Fly out, F9 (Flyball, 89M)
|
Batting: SHB Ted Beck
|
0-0: Fly out, F6 (Line Drive, 6M)
|
Bottom of the 5th over - 0 run(s), 0 hit(s), 0 error(s), 0 left on base; Wizarding AC 3 - Capital District 1 |
TOP OF THE 6TH |
Wizarding AC Ravenclaws batting - Pitching for Capital District Red Knights : RHP Paul Lowery
|
Batting: RHB Pete Davidson
|
0-0: Called Strike 0-1: Ball 1-1: Ball 2-1: Called Strike 2-2: Fly out, F9 (Popup, 9LS)
|
Batting: LHB Ken Burton
|
0-0: Called Strike 0-1: Ball 1-1: Foul Ball, location: 2F 1-2: Fly out, F9 (Flyball, 9M)
|
Batting: RHB Cole Shaffer
|
0-0: Ground out 4-3 (Groundball, 13)
|
Top of the 6th over - 0 run(s), 0 hit(s), 0 error(s), 0 left on base; Wizarding AC 3 - Capital District 1 |
BOTTOM OF THE 6TH |
Capital District Red Knights batting - Pitching for Wizarding AC Ravenclaws : LHP Ken Burton
|
Batting: RHB Michael Collins
|
0-0: Ball 1-0: Ball 2-0: Ball 3-0: Called Strike 3-1: Ground out 4-3 (Groundball, 4)
|
Batting: RHB Chang-bum Pak
|
0-0: Ball 1-0: Ground out 4-3 (Groundball, 4M)
|
Batting: RHB Jian-zhang Phan
|
0-0: Ball 1-0: Ball 2-0: DOUBLE (Groundball, 5L)
|
Batting: RHB Ricardo Romo
|
0-0: Ball 1-0: Ball 2-0: Foul Ball, location: 2F 2-1: Ball 3-1: Fly out, F9 (Flyball, 89M)
|
Bottom of the 6th over - 0 run(s), 1 hit(s), 0 error(s), 1 left on base; Wizarding AC 3 - Capital District 1 |
TOP OF THE 7TH |
Wizarding AC Ravenclaws batting - Pitching for Capital District Red Knights : RHP Paul Lowery
|
Batting: LHB Stephen Baird
|
0-0: Foul Ball, location: 2F 0-1: Fly out, F6 (Popup, 5D)
|
Batting: LHB William Wise
|
0-0: Swinging Strike 0-1: Foul Ball, location: 2F 0-2: Ball 1-2: Strikes out swinging
|
Batting: LHB Jerry Harris
|
0-0: SINGLE (Flyball, 7S)
|
Batting: LHB Walter Kirk
|
0-0: Ball Jerry Harris steals 2nd base 1-0: Ball 2-0: Ball 3-0: Base on Balls
|
Batting: RHB Pablo León
|
0-0: Ball 1-0: Called Strike 1-1: Ball 2-1: SINGLE (Line Drive, 4MD) Jerry Harris to third Walter Kirk to second
|
Batting: RHB Juan Torres
|
0-0: Ball 1-0: Ball 2-0: SINGLE (Groundball, 6D) Jerry Harris scores Walter Kirk to third Pablo León to second Runner from 3rd tries for Home, SAFE, no throw or cutoff
|
Pitching: RHP Fernando Martínez
|
|
Batting: RHB Pete Davidson
|
0-0: Ball 1-0: Fly out, F2 (Popup, 2L)
|
Top of the 7th over - 2 run(s), 3 hit(s), 0 error(s), 2 left on base; Wizarding AC 5 - Capital District 1 |
BOTTOM OF THE 7TH |
Capital District Red Knights batting - Pitching for Wizarding AC Ravenclaws : LHP Ken Burton
|
Batting: RHB Cullen Spencer
|
0-0: Called Strike 0-1: Ball 1-1: DOUBLE (Line Drive, 7LS)
|
Batting: RHB Jean Pronk
|
0-0: Foul Ball, location: 2F 0-1: Foul Ball, location: 2F 0-2: Fly out, F9 (Flyball, 9LD) Runner from 2nd tags up, SAFE at 3rd, no throw
|
Batting: LHB Dave Knight
|
0-0: Ball 1-0: Foul Ball, location: 2F 1-1: Ball 2-1: Foul Ball, location: 2F 2-2: Ball 3-2: 2-RUN HOME RUN (Flyball, 89XD), Distance : 377 ft
|
Pinch Hitting: LHB Jeff Walsh
|
0-0: Called Strike 0-1: Fly out, F9 (Flyball, 9M)
|
Batting: SHB Ted Beck
|
0-0: Ball 1-0: Ball 2-0: Ball 3-0: Base on Balls
|
Batting: RHB Michael Collins
|
0-0: Ball 1-0: Swinging Strike 1-1: Fielders Choice at 2nd, 6-4 (Groundball, 6)
|
Bottom of the 7th over - 2 run(s), 2 hit(s), 0 error(s), 0 left on base; Wizarding AC 5 - Capital District 3 |
TOP OF THE 8TH |
Wizarding AC Ravenclaws batting - Pitching for Capital District Red Knights : RHP Fernando Martínez
|
Pitching: RHP Armando Martínez
|
|
Pinch Hitting: LHB Jay Carlson
|
0-0: Called Strike 0-1: Foul Ball, location: 2F 0-2: Strikes out swinging
|
Batting: RHB Cole Shaffer
|
0-0: Called Strike 0-1: Swinging Strike 0-2: Ball 1-2: Strikes out swinging
|
Batting: LHB Stephen Baird
|
0-0: Ball 1-0: Ball 2-0: Ball 3-0: Called Strike 3-1: Foul Ball, location: 2F 3-2: Base on Balls
|
Batting: LHB William Wise
|
0-0: Swinging Strike 0-1: Called Strike 0-2: Ball 1-2: Ball 2-2: Foul Ball, location: 2F 2-2: Ball 3-2: Base on Balls Stephen Baird to second
|
Batting: LHB Jerry Harris
|
0-0: Ball 1-0: Ball 2-0: 3-RUN HOME RUN (Flyball, 9D), Distance : 358 ft
|
Pitching: RHP Owen Henderson
|
|
Batting: LHB Walter Kirk
|
0-0: Called Strike 0-1: Ball 1-1: Ball 2-1: Fly out, F5 (Popup, 5DF)
|
Top of the 8th over - 3 run(s), 1 hit(s), 0 error(s), 0 left on base; Wizarding AC 8 - Capital District 3 |
BOTTOM OF THE 8TH |
Capital District Red Knights batting - Pitching for Wizarding AC Ravenclaws : LHP Ken Burton
|
Pitching: RHP Dave Strong
|
|
Now at 1B: Matt Terry
|
|
Batting: RHB Chang-bum Pak
|
0-0: Ball 1-0: Ball 2-0: Foul Ball, location: 2F 2-1: Swinging Strike 2-2: Ball 3-2: Foul Ball, location: 2F 3-2: Foul Ball, location: 2F 3-2: SINGLE (Line Drive, 6)
|
Batting: RHB Jian-zhang Phan
|
0-0: Called Strike 0-1: Grounds into double play, 4-6-3 (Groundball, 4)
|
Batting: RHB Ricardo Romo
|
0-0: Called Strike 0-1: Ground out 1-3 (Groundball, 15)
|
Bottom of the 8th over - 0 run(s), 1 hit(s), 0 error(s), 0 left on base; Wizarding AC 8 - Capital District 3 |
TOP OF THE 9TH |
Wizarding AC Ravenclaws batting - Pitching for Capital District Red Knights : RHP Owen Henderson
|
Batting: RHB Pablo León
|
0-0: Ground out 5-3 (Groundball, 56S)
|
Batting: RHB Juan Torres
|
0-0: Called Strike 0-1: Foul Ball, location: 2F 0-2: Fly out, F8 (Flyball, 78D)
|
Batting: RHB Pete Davidson
|
0-0: Ball 1-0: Foul Ball, location: 2F 1-1: Swinging Strike 1-2: Ball 2-2: Foul Ball, location: 2F 2-2: Strikes out swinging
|
Top of the 9th over - 0 run(s), 0 hit(s), 0 error(s), 0 left on base; Wizarding AC 8 - Capital District 3 |
BOTTOM OF THE 9TH |
Capital District Red Knights batting - Pitching for Wizarding AC Ravenclaws : RHP Dave Strong
|
Batting: RHB Cullen Spencer
|
0-0: Ball 1-0: Swinging Strike 1-1: Swinging Strike 1-2: Ball 2-2: Strikes out looking
|
Batting: RHB Jean Pronk
|
0-0: Ball 1-0: Ground out 6-3 (Groundball, 6M)
|
Batting: LHB Dave Knight
|
0-0: Ball 1-0: Ball 2-0: Foul Ball, location: 2F 2-1: SINGLE (Line Drive, 8RS)
|
Pinch Hitting: RHB José Romano
|
0-0: Called Strike 0-1: Called Strike 0-2: Strikes out swinging
|
Bottom of the 9th over - 0 run(s), 1 hit(s), 0 error(s), 1 left on base; Wizarding AC 8 - Capital District 3 |
|